General information
			
			
        
        - name: tgilf
 
        - type: Custom game
 
        - host: jerund
 
        - saver: greedoFthenoob
 
        
map: TerenasStand 
        - players: 3
 
        - length: 49:11
 
        - speed: Fast
 - version: 1.22 W3XP
 - replay type:  Public
 
» download(167 KB)
Players
        team 1 (winner) 
              
              
greedoFthenoob (
pink | 75 APM | 3703 actions | 49:11)
              
 5 Archmage 
 3 Summon Water Elemental
 2 Brilliance Aura
 4 Mountain King 
 2 Storm Bolt
 2 Bash
 
                » actions 
                
                | Assign group hotkey | 23 |  | 
| Basic commands | 80 |  | 
| Build / train | 118 |  | 
| ESC pressed | 14 |  | 
| Enter build submenu | 65 |  | 
| Enter hero's abilities submenu | 9 |  | 
| Give item / drop item | 4 |  | 
| Right click | 2066 |  | 
| Select / deselect | 1091 |  | 
| Select group hotkey | 37 |  | 
| Use ability | 196 |  | 
                3703 total
 » units 
                
                | Peasant | 55 |  | 
| Footman | 5 |  | 
| Rifleman | 12 |  | 
| Priest | 5 |  | 
| Dragonhawk Rider | 4 |  | 
                81 total
 » upgrades
                » buildings
                
                | Altar of Kings | 4 |  | 
| Farm | 14 |  | 
| Barracks | 4 |  | 
| Lumber Mill | 3 |  | 
| Blacksmith | 3 |  | 
| Town Hall | 4 |  | 
| Scout Tower | 20 |  | 
| Arcane Tower | 8 |  | 
| Guard Tower | 7 |  | 
| Arcane Vault | 4 |  | 
| Keep | 2 |  | 
| Arcane Sanctum | 1 |  | 
| Workshop | 1 |  | 
| Gryphon Aviary | 1 |  | 
                76 total
 » build order
                00:06 Altar of Kings
00:17 Farm
00:18 Barracks
00:50 Farm
01:41 Farm
02:05 Lumber Mill
03:07 Farm
03:37 Blacksmith
04:45 Town Hall
04:58 Scout Tower
04:59 Scout Tower
05:01 Scout Tower
05:02 Scout Tower
05:10 Farm
05:23 Lumber Mill
05:45 Arcane Tower
05:57 Barracks
06:17 Arcane Tower
06:20 Guard Tower
06:42 Guard Tower
10:03 Scout Tower
10:04 Scout Tower
10:09 Scout Tower
12:00 Arcane Vault
12:32 Arcane Vault
13:12 Altar of Kings
13:23 Town Hall
14:12 Scout Tower
14:44 Scout Tower
14:46 Arcane Tower
14:48 Scout Tower
14:51 Scout Tower
15:14 Arcane Tower
15:17 Arcane Tower
15:22 Arcane Tower
15:23 Scout Tower
16:22 Arcane Tower
16:30 Altar of Kings
16:34 Barracks
18:36 Keep
20:46 Scout Tower
21:35 Arcane Tower
21:44 Arcane Sanctum
23:39 Blacksmith
24:29 Farm
26:29 Farm
26:58 Lumber Mill
29:44 Arcane Vault
30:36 Scout Tower
30:38 Scout Tower
30:39 Scout Tower
30:40 Scout Tower
30:42 Scout Tower
31:52 Guard Tower
32:50 Town Hall
34:23 Guard Tower
34:50 Guard Tower
35:52 Guard Tower
36:00 Barracks
36:03 Scout Tower
36:04 Scout Tower
36:32 Farm
36:34 Farm
37:03 Keep
37:34 Guard Tower
37:53 Farm
39:38 Workshop
39:41 Gryphon Aviary
39:54 Farm
40:14 Farm
40:17 Farm
40:19 Farm
40:42 Arcane Vault
42:06 Altar of Kings
44:38 Blacksmith
47:58 Town Hall
» items
                
                | Staff of Teleportation | 2 |  | 
| Boots of Speed | 2 |  | 
| Potion of Lesser Invulnerability | 1 |  | 
| Potion of Invisibility | 1 |  | 
| Potion of Healing | 1 |  | 
                7 total
  
               team 2 (loser) 
              
              
ATOUCHOFHERLIPS (
teal | 97 APM | 4784 actions | 49:09)
              
 7 Dark Ranger 
 3 Black Arrow
 3 Life Drain
 1 Charm
 6 Pandaren Brewmaster 
 3 Breath of Fire
 2 Drunken Haze
 1 Storm Earth and Fire
 4 Blood Mage 
 2 Flame Strike
 2 Siphon Mana
 
                » actions 
                
                | Assign group hotkey | 228 |  | 
| Basic commands | 43 |  | 
| Build / train | 122 |  | 
| ESC pressed | 6 |  | 
| Enter build submenu | 41 |  | 
| Enter hero's abilities submenu | 17 |  | 
| Give item / drop item | 3 |  | 
| Remove unit from queue | 8 |  | 
| Right click | 1858 |  | 
| Select / deselect | 802 |  | 
| Select group hotkey | 1394 |  | 
| Use ability | 262 |  | 
                4784 total
 » units 
                
                | Wisp | 21 |  | 
| Archer | 7 |  | 
| Dryad | 5 |  | 
| Peasant | 4 |  | 
| Siege Engine | 3 |  | 
| Dragonhawk Rider | 5 |  | 
| Gryphon Rider | 8 |  | 
| Mortar Team | 1 |  | 
| Flying Machine | 1 |  | 
                55 total
 » upgrades
                
                | Strength of the Wild | 2 |  | 
| Reinforced Hides | 2 |  | 
| Abolish Magic | 1 |  | 
| Gunpowder | 1 |  | 
| Cloud | 1 |  | 
| Swords | 1 |  | 
| Storm Hammers | 1 |  | 
                9 total
 » buildings
                
                | Ancient of War | 1 |  | 
| Moon Well | 3 |  | 
| Altar of Elders | 1 |  | 
| Tree of Ages | 1 |  | 
| Hunter's Hall | 1 |  | 
| Tree of Life | 3 |  | 
| Ancient of Lore | 2 |  | 
| Ancient of Wonders | 1 |  | 
| Lumber Mill | 2 |  | 
| Town Hall | 4 |  | 
| Ancient Protector | 3 |  | 
| Altar of Kings | 2 |  | 
| Tree of Eternity | 1 |  | 
| Farm | 3 |  | 
| Ancient of Wind | 1 |  | 
| Keep | 1 |  | 
| Blacksmith | 1 |  | 
| Arcane Vault | 1 |  | 
| Chimaera Roost | 2 |  | 
| Castle | 1 |  | 
| Workshop | 2 |  | 
| Gryphon Aviary | 1 |  | 
                38 total
 » build order
                00:18 Ancient of War
00:34 Moon Well
01:27 Altar of Elders
02:07 Moon Well
02:46 Moon Well
03:11 Tree of Ages
04:50 Hunter's Hall
05:40 Tree of Life
05:54 Ancient of Lore
05:57 Ancient of Lore
06:37 Ancient of Wonders
10:33 Tree of Life
12:06 Tree of Life
13:40 Lumber Mill
13:54 Town Hall
14:40 Town Hall
21:45 Ancient Protector
21:46 Ancient Protector
21:48 Ancient Protector
23:05 Altar of Kings
23:27 Tree of Eternity
23:33 Lumber Mill
23:36 Altar of Kings
23:41 Farm
23:53 Ancient of Wind
24:32 Keep
24:45 Blacksmith
25:55 Arcane Vault
25:58 Farm
26:13 Chimaera Roost
26:15 Chimaera Roost
27:02 Castle
27:06 Workshop
27:11 Workshop
28:12 Gryphon Aviary
39:58 Farm
45:28 Town Hall
46:33 Town Hall
» items
                
                | Staff of Preservation | 1 |  | 
| Lesser Clarity Potion | 2 |  | 
| Moonstone | 1 |  | 
| Potion of Healing | 3 |  | 
| Potion of Mana | 2 |  | 
| Potion of Invisibility | 3 |  | 
| Scroll of Town Portal | 3 |  | 
| Scroll of Healing | 2 |  | 
| Potion of Lesser Invulnerability | 1 |  | 
| Boots of Speed | 1 |  | 
| Scroll of Protection | 1 |  | 
| Anti-magic Potion | 3 |  | 
                23 total
  
               refereesjerund Chat log
          (00:07 / All) greedoFthenoob: wtf lag
(00:10 / All) greedoFthenoob: you liked that blizzard right
(00:12 / All) jerund: did you like my speedstart hack
(00:20 / All) greedoFthenoob: say again
(00:30 / All) jerund: is there any way i can turn up just corr's volume in vent
(00:30 / All) greedoFthenoob: what your thought about blizzard
(00:34 / All) greedoFthenoob: yeah
(00:35 / All) greedoFthenoob: special effects
(00:35 / All) jerund: because turk is like 200 db
(00:40 / All) jerund: and corr is 0 db
(00:47 / All) greedoFthenoob: isnt 0 db impossible
(01:23 / All) greedoFthenoob: wtf
(01:25 / All) greedoFthenoob: thought you were ud
(04:36 / All) greedoFthenoob: cant hear
(04:48 / All) greedoFthenoob: u
(07:06 / All) jerund: are cannon towers good
(07:58 / All) jerund: is it bad when you entire supply line gets fucked
(08:03 / All) jerund: and you lose your main
(09:12 / All) jerund: damn those skeletons appear to fucking own
(10:11 / All) jerund: damn is that skeletons ability the best one in the game
(10:15 / All) jerund: it fucking pwnz
(11:55 / All) jerund: does flame breath hurt buildings
(12:02 / All) jerund: damn that owns
(13:22 / All) jerund: damn ranger is almost 6
(13:24 / All) jerund: what's her ult
(13:33 / All) greedoFthenoob: take apeon
(13:33 / All) greedoFthenoob: yes
(13:34 / All) greedoFthenoob: lol
(13:35 / All) greedoFthenoob: gg
(13:38 / All) jerund: can you build human buildings now
(13:42 / All) greedoFthenoob: and human heroes
(13:48 / All) jerund: so sik
(14:12 / All) jerund: only post worthy if you build a human army
(14:29 / All) greedoFthenoob: wtf
(14:48 / All) jerund: yes
(14:49 / All) jerund: YES
(15:02 / All) ATOUCHOFHERLIPS: post worthy right here
(15:41 / All) jerund: put some duderinos on your mine
(16:06 / All) jerund: WATCH YOUR PEASANT
(16:14 / All) jerund: phew
(17:02 / All) jerund: lol
(17:06 / All) jerund: turk is such a griefer
(17:15 / All) greedoFthenoob: you will never build it
(17:32 / All) greedoFthenoob: no mana
(17:33 / All) greedoFthenoob: for charm
(18:01 / All) greedoFthenoob: injuring all my peons btw
(18:13 / All) ATOUCHOFHERLIPS: ok
(18:18 / All) greedoFthenoob: oops
(18:18 / All) greedoFthenoob: lol
(19:29 / All) jerund: lol this is awesome
(20:21 / All) ATOUCHOFHERLIPS: SIGH
(20:59 / All) jerund: epic
(22:54 / All) ATOUCHOFHERLIPS: ITS DONE
(22:56 / All) ATOUCHOFHERLIPS: LOL
(23:04 / All) jerund: ok now you have to build a human army
(23:19 / All) greedoFthenoob: gay
(23:26 / All) jerund: i thought tp made you invuln?
(23:35 / All) greedoFthenoob: staff of teleportation
(23:40 / All) jerund: get the ancient protector speed upgrade
(23:42 / All) jerund: or whatever
(23:55 / All) jerund: and construct an army of ents
(24:16 / All) jerund: you need some towers
(27:53 / All) jerund: woah corr what are you doing
(27:58 / All) jerund: you are only allowed to attack with human units
(27:59 / All) jerund: wtf
(28:03 / All) ATOUCHOFHERLIPS: TANKING HIM
(28:11 / All) jerund: WITH NE UNITS
(28:15 / All) jerund: VERBOTEN
(28:20 / All) ATOUCHOFHERLIPS: ONLY KILLING PRIEST AND HEROES LOL
(28:35 / All) jerund: YOU ARE A HUMAN NOW
(29:14 / All) ATOUCHOFHERLIPS: 2 TAV NEUTRAL HEROES AND HU UNITS ONLY ;O
(29:44 / All) jerund: you can use mojo since a human could get him AND he's not a night elf
(29:47 / All) jerund: but ranger is a night elf
(29:50 / All) jerund: off limits
(29:54 / All) ATOUCHOFHERLIPS: RANGER IS UD LOL
(30:11 / All) jerund: WHATEVER SHE IS, UD IS NOT HMAN
(30:25 / All) ATOUCHOFHERLIPS: PANDA IS PANDA
(30:28 / All) ATOUCHOFHERLIPS: NOT HUMAN LUL
(30:38 / All) jerund: OK NO PANDA EITHER THEN
(31:44 / All) jerund: holy shit those siege engines rape
(31:56 / All) jerund: wait is that dragonhawk rider a human unit
(32:05 / All) jerund: that better be a human unit
(32:46 / All) jerund: shoulda built cannon towers :/
(33:33 / All) jerund: that fuckin' faerie looking fag unit was a ne unit wasn't it
(33:35 / All) jerund: you cheater
(33:42 / All) ATOUCHOFHERLIPS: what unit
(33:43 / All) ATOUCHOFHERLIPS: lol
(33:48 / All) ATOUCHOFHERLIPS: im only using human units
(33:52 / All) jerund: some faerie dragon windrider or something
(33:54 / All) jerund: i don't know this game
(33:59 / All) ATOUCHOFHERLIPS: dragonhawk?
(34:02 / All) jerund: yeah, sure
(34:10 / All) ATOUCHOFHERLIPS: look at my aviary
(34:23 / All) jerund: yeah dragonhawk rider
(34:29 / All) jerund: oh, ok
(34:45 / All) jerund: oh damn they have disruption web
(34:46 / All) jerund: ownage
(35:26 / All) jerund: doesnt your lumber mill have an upgrade it could be making
(36:14 / All) jerund: i like the looks of this storm hammers thing
(36:17 / All) jerund: when are you going to get it
(37:20 / All) ATOUCHOFHERLIPS: ur like the biggest fag ever
(37:31 / All) jerund: sik bolt
(38:18 / All) jerund: do not protect your night elf expo ... it is a vestige of a creature you once were
(38:21 / All) jerund: it is no longer who you are
(38:35 / All) jerund: you must not give in to the temptation
(38:41 / All) jerund: to remember your past transgressions
(38:45 / All) jerund: you can never be that man again
(40:28 / All) jerund: those ancient protectors at your human base are pretty much exactly like cheating
(46:27 / All) jerund: could this be the end of turk
(46:34 / All) jerund: a new human despot has risen to take his place
(48:41 / All) greedoFthenoob: gg
(48:46 / All) ATOUCHOFHERLIPS: gg
(48:49 / All) greedoFthenoob: human imba
(49:04 / All) ATOUCHOFHERLIPS: agreed
(49:04 / All) greedoFthenoob: come back and fight the peon